 Dungeon Crawl Stone Soup version 0.18-a0-1040-g4865665 (webtiles) character file.

218455 Geeful the Fencer (level 20, -1/145 HPs)
             Began as a Formicid Abyssal Knight on Jan 10, 2016.
             Was the Champion of Lugonu.
             Killed from afar by an ice dragon (37 damage)
             ... with a blast of cold
             ... on level 1 of the Depths.
             The game lasted 03:58:29 (69245 turns).

Geeful the Fencer (Formicid Abyssal Knight)        Turns: 69245, Time: 03:58:30

Health: -1/145     AC: 26    Str: 22    XL:     20   Next: 29%
Magic:  25/25      EV: 12    Int: 15    God:    Lugonu [******]
Gold:   2523       SH: 19    Dex:  9    Spells: 1 memorised, 17 levels left

rFire  + . .     SeeInvis +     a - +3 scimitar (flame)
rCold  . . .     Gourm    +     T - +2 chain mail {rF+}
rNeg   + . .     Faith    .     F - +2 shield {AC+3}
rPois  +         Spirit   .     (helmet unavailable)
rElec  .         Dismiss  .     K - +2 cloak
rCorr  .         Reflect  .     G - +0 pair of gloves
SustAt .         Harm     .     (no boots)
MR     +++..                    Y - amulet of the gourmand
Stlth  ..........               g - ring of protection from magic
                                y - ring of Lowihif {rPois rN+}

@: extremely resistant to hostile enchantments, extremely unstealthy
A: permanent stasis, dig shafts and tunnels, four strong arms, antennae 3, large
bone plates 1, clumsy 1, frail 1, sturdy frame 1
a: Dig, Shaft Self, Depart the Abyss, Bend Space, Banish, Corrupt, Enter the
Abyss, Brand Weapon With Distortion, Renounce Religion


You were on level 1 of the Depths.
You worshipped Lugonu.
Lugonu was exalted by your worship.
You were completely stuffed.

You visited 7 branches of the dungeon, and saw 36 of its levels.
You visited the Abyss 1 time.
You also visited: Labyrinth.

You collected 3847 gold pieces.
You spent 1324 gold pieces at shops.

Inventory:

Hand Weapons
 a - a +3 scimitar of flaming (weapon)
 b - a +0 blowgun
 A - a +1 scimitar of venom
Missiles
 j - 103 poisoned needles
 v - 4 throwing nets (quivered)
Armour
 s - a +1 shield of resistance
 F - a +2 shield of protection (worn)
 G - a +0 pair of gloves (worn)
 K - a +2 cloak (worn)
 T - a +2 chain mail of fire resistance (worn)
Jewellery
 g - a ring of protection from magic (right hand)
 o - an uncursed ring of flight
 p - an uncursed ring of resist corrosion
 w - an uncursed ring of positive energy
 y - the ring of Lowihif (left hand) {rPois rN+}
   (You found it on level 9 of the Dungeon)

   [ring of poison resistance]

   It protects you from poison.
   It protects you from negative energy.
 z - an uncursed ring of protection from fire
 Y - an amulet of the gourmand (around neck)
Wands
 d - a wand of draining (0/15)
 e - a wand of slowing (21/48)
 f - a wand of teleportation (5/9)
 q - a wand of draining (0/15)
 u - a wand of teleportation (2/9)
 x - a wand of heal wounds (1/9)
 B - a wand of confusion (14/48)
 O - a wand of cold (9/15)
 Q - a wand of digging (8/24)
Scrolls
 k - 14 scrolls of identify
 r - 5 scrolls of enchant weapon
 t - 22 scrolls of remove curse
 J - 3 scrolls of immolation
 L - 3 scrolls of fog
 M - 4 scrolls of recharging
 N - a scroll of holy word
 P - 3 scrolls of enchant armour
 S - 3 scrolls of fear
 Z - 3 scrolls of summoning
Potions
 h - a potion of heal wounds
 i - 2 potions of curing
 n - a potion of ambrosia
 H - a potion of invisibility
 R - a potion of might
 V - a potion of resistance
 W - a potion of brilliance
 X - 3 potions of agility
Miscellaneous
 C - a phial of floods
Comestibles
 c - 20 bread rations
 m - 17 meat rations
 E - 7 beef jerkies
 I - 18 fruits


   Skills:
 + Level 15.2 Fighting
 - Level 18.6 Long Blades
 + Level 15.7 Armour
 - Level 10.7 Dodging
 + Level 18.5 Shields
 - Level 7.6 Invocations


You had 17 spell levels left.
You knew the following spells:

 Your Spells              Type           Power        Failure   Level  Hunger
a - Repel Missiles        Chrm/Air       #.....       95%         2    ###....


Dungeon Overview and Level Annotations

Branches:
Dungeon (15/15)            Temple (0/1) D:4            Lair (8/8) D:8
 Shoals (2/4) Lair:4        Snake (4/4) Lair:3        Slime (0/6) Lair:7
    Orc (2/2) D:11            Elf (3/3) Orc:2        Vaults (0/5) D:13
 Depths (2/5) D:15

Altars:
Ashenzari
Dithmenos
Fedhas
Gozag
Makhleb
Okawaru
Qazlal
Ru
Sif Muna
Vehumet
Yredelemnul
The Shining One
Beogh
Jiyva

Shops:
D:12 [   Orc:1 ?**   Orc:2 ?[?!

Portals:
Hell: Depths:1

Annotations:
D:5 justbritto's ghost, novice NaTm
Shoals:1 corrupted
Orc:2 corrupted
Elf:3 1 exclusion, Nikola
Abyss:1 Louise; Maud


Innate Abilities, Weirdness & Mutations

You are under a permanent stasis effect.
You can dig through walls and to a lower floor.
Your four strong arms can wield two-handed weapons with a shield.
You have a pair of large antennae on your head (SInv).
You are partially covered in large bone plates (AC +2, SH +2).
You are clumsy. (Dex -2)
You are frail (-10% HP).
Your movements are slightly less encumbered by armour (ER -2).


Message History

Evoke which item? (* to show all) (? for menu, Esc to quit)
Zapping:
x - a wand of heal wounds (2/9)
Press: ? - help, Shift-Dir - straight line, f - you You feel much better.
This wand has 1 charge left.
You block the ice dragon's attack. The ice dragon closely misses you.
You block the ice dragon's attack.
Evoke which item? (* to show all) (? for menu, Esc to quit)
Zapping:
d - a wand of draining (1/15)
Press: ? - help, Shift-Dir - straight line, f - ice dragon
Aim: an ice dragon (severely wounded, catching its breath)
The bolt of negative energy hits the ice dragon.
The ice dragon is drained!
The ice dragon is almost dead.
The bolt of negative energy hits the stone giant.
The stone giant is drained!
The stone giant is lightly wounded.
This wand has 0 charges left.
The ice dragon breathes frost at you. The blast of cold hits you!
You die...

,** #...#.##............##...*,**
,,* ###.#.##.......##........,,,*
*,***,..........C..##.......,,,,*
*,,**,#.#.##...(............,**,*
**,**,,,#.......(####)..##...**,*
**,,**,,###......()))........**,,
***,**,,**#...#..####.#.###.,**,,
,**,,*,,,.....#.D# #.#,* *,,,,,,
,***,*,,###...#.@# #.#,* *,,,,*,
,,*,,,,,,........#**#..,* **,,*,,
*,*,*,,,*##..##?.#,*#.#.*****,,,∩
*,,,**,,**#.,,.∩>.,,.....,,,,,*,,
**,**,,,,..,,###.#,*#.#,##***,,*,
*,,**,,,,.,,,,,..#,*#.#,* *,,,,
*,***,,,,,,,,**#.#,*#.#,* *,,**
,,* *,,,,,,,,,,..#,*,,,,* *,**
,** **,,***,,***,*,*,,,,* *,*


You could see an ice dragon and a stone giant.

Vanquished Creatures
  Frances (Elf:1)
  Kirke (D:15)
  Roxanne (Elf:1)
  A fire giant (D:15)
  2 greater nagas
  A deep elf sorcerer (Elf:1)
  Aizul (Snake:1)
  A deep elf annihilator (Elf:2)
  3 deep elf demonologists
  2 spark wasps (D:15)
  An ettin (Depths:1)
  A minotaur (Lab)
  A fire dragon (D:15)
  A deep elf high priest (Elf:1)
  A vault guard (D:13)
  Harold (D:12)
  4 ogre magi
  9 naga warriors
  A rakshasa (Depths:1)
  3 ice dragons
  A catoblepas (Lair:8)
  5 hydras
  4 anacondas
  Erica (D:10)
  A merfolk avatar (Shoals:1)
  2 tengu warriors
  26 dancing weapons
  2 deep troll earth magi (D:15)
  A vampire mage (D:15)
  3 orc high priests
  5 death yaks (Lair:8)
  7 naga sharpshooters
  19 deep elf knights
  4 skeletal warriors (D:14)
  3 salamander mystics
  A deep troll (shapeshifter) (Elf:1)
  2 deep trolls (D:15)
  2 unseen horrors
  2 sea snakes (Shoals:1)
  5 naga ritualists
  A harpy (shapeshifter) (Elf:2)
  15 deep elf archers
  9 harpies (Shoals:1)
  9 hill giants
  A necromancer (D:15)
  A phantasmal warrior (D:15)
  7 mana vipers
  61 deep elf magi
  2 wizards (D:15)
  A faun (Shoals:1)
  10 orc knights
  A lindwurm (Lair:8)
  7 salamanders
  6 griffons
  5 cyclopes
  4 ugly things (D:11)
  A water nymph (Shoals:1)
  A fire giant zombie (D:15)
  14 elephants
  5 manticores
  3 sirens
  3 guardian serpents
  3 torpor snails (Lair:8)
  34 black mambas
  13 naga magi
  Psyche (D:10)
  2 gargoyles (Lab)
  2 yaktaur zombies (D:15)
  9 spiny frogs
  2 kobold demonologists (D:10)
  6 yaktaurs
  A redback zombie (D:15)
  7 komodo dragons
  5 fire drakes
  3 efreet (D:15)
  A guardian mummy (D:14)
  A spriggan druid (Lair:8)
  A wind drake (Shoals:1)
  8 trolls
  9 merfolk
  A polar bear (shapeshifter) (D:15)
  11 two-headed ogres
  A harpy skeleton (D:15)
  Grinder (D:5)
  12 polar bears
  19 blink frogs
  A boulder beetle (Lair:8)
  11 spriggans (Lair:8)
  A snapping turtle (Shoals:2)
  5 shadows
  4 redbacks (Lair:8)
  A vampire (D:12)
  An air elemental (Elf:1)
  A wyvern (D:13)
  57 yaks
  6 water elementals
  4 wraiths
  3 hogs (D:15)
  A hungry ghost (D:15)
  A fire elemental (Elf:2)
  2 basilisks
  19 hippogriffs
  3 vampire mosquitoes
  6 wargs
  34 wolves
  44 nagas
  4 mottled dragons
  3 soldier ants
  16 water moccasins
  6 porcupines
  Duvessa (D:7)
  A hell hound (Orc:2)
  47 orc warriors
  4 ice beasts
  25 ogres
  5 sky beasts
  5 phantoms
  12 black bears (Lair:8)
  3 eyes of draining
  A necrophage (D:8)
  3 wasps (Lair:8)
  6 centaurs
  The ghost of Geeful the Slasher, an amateur FoAK of Lugonu (D:3)
  16 crocodiles
  4 big kobolds
  24 giant frogs
  A water moccasin zombie (D:10)
  Dowan (D:7)
  An earth elemental (Elf:3)
  4 scorpions
  28 killer bees
  12 wights
  An electric eel (D:8)
  5 crimson imps
  A quasit (D:10)
  5 centaur zombies
  2 giant frog zombies
  7 jellies
  4 hounds
  22 orc wizards
  17 orc priests
  4 giant frog skeletons
  3 centaur skeletons
  8 iguanas
  8 worker ants
  13 sheep
  2 hound zombies
  2 hound skeletons
  2 worker ant zombies
  77 river rats
  10 adders
  6 shadow imps
  4 oozes
  An adder zombie (D:8)
  2 adder skeletons
  4 worms
  4 giant geckos
  120 orcs
  9 giant cockroaches
  5 goblins
  11 hobgoblins
  10 jackals
  23 kobolds
  2 quokkas
  8 ball pythons
  A ball python zombie (D:6)
  5 bats
  A giant gecko skeleton (D:7)
  9 giant newts
  A quokka skeleton (D:8)
  11 rats
  2 fungi (Lair:8)
1324 creatures vanquished.

Vanquished Creatures (collateral kills)
  Rupert (D:12)
  A manticore (Shoals:1)
2 creatures vanquished.

Vanquished Creatures (others)
  A caustic shrike skeleton (D:15)
  Azrael (Orc:2)
  An ettin (Orc:2)
  Josephine (Orc:2)
  A deep elf high priest (Elf:1)
  A hydra (Lair:2)
  A merfolk avatar (Shoals:1)
  6 shock serpents
  An unseen horror (D:10)
  A deep elf mage (Elf:2)
  An ugly thing (D:7)
  A troll (Orc:2)
  4 wraiths (Orc:2)
  2 fire elementals (Orc:2)
  4 humans (D:15)
  A wyvern (D:15)
  2 hell hounds (Orc:2)
  3 orc warriors (Orc:2)
  2 ogres
  An orc priest (Orc:1)
  2 sheep (Shoals:1)
  3 gnolls (Orc:2)
  14 orcs
  A bush (Lair:8)
  70 fungi
  62 plants
  2 starspawn tentacles (Shoals:1)
  28 starspawn tentacle segments (Shoals:1)
  2 withered plants (D:15)
220 creatures vanquished.

Grand Total: 1546 creatures vanquished

Notes
Turn   | Place    | Note
--------------------------------------------------------------
     0 | Abyss:1  | Geeful the Formicid Abyssal Knight began the quest for the Orb.
     0 | Abyss:1  | Reached XP level 1. HP: 18/18 MP: 2/2
   117 | Abyss:2  | Noticed a smoke demon
   119 | D:1      | Escaped the Abyss
   192 | D:1      | Reached skill level 1 in Dodging
   239 | D:1      | Reached * piety under Lugonu
   239 | D:1      | Reached XP level 2. HP: 24/24 MP: 3/3
   611 | D:1      | Reached XP level 3. HP: 27/29 MP: 4/4
  1317 | D:2      | Reached ** piety under Lugonu
  1321 | D:2      | Reached XP level 4. HP: 14/37 MP: 5/5
  1782 | D:2      | Found a glowing golden altar of the Shining One.
  2250 | D:3      | Reached skill level 4 in Fighting
  2375 | D:3      | Noticed Geeful's ghost (amateur FoAK)
  2403 | D:3      | Gained mutation: You are clumsy. (Dex -2) [potion of mutation]
  2403 | D:3      | Gained mutation: Your movements are slightly less encumbered by armour (ER -2). [potion of mutation]
  2403 | D:3      | Gained mutation: You are partially covered in large bone plates (AC +2, SH +2). [potion of mutation]
  2771 | D:3      | Killed Geeful's ghost
  2771 | D:3      | Reached XP level 5. HP: 39/43 MP: 7/7
  3122 | D:3      | Reached XP level 6. HP: 46/49 MP: 8/8
  3446 | D:4      | Noticed a phantom
  3483 | D:4      | Killed a phantom
  3729 | D:4      | Found a staircase to the Ecumenical Temple.
  3957 | D:4      | Reached skill level 5 in Long Blades
  3998 | D:4      | Reached *** piety under Lugonu
  3998 | D:4      | Reached XP level 7. HP: 43/55 MP: 9/9
  4454 | D:5      | Entered Level 5 of the Dungeon
  4523 | D:5      | Noticed justbritto's ghost (novice NaTm)
  5059 | D:5      | You fall through a shaft!
  5098 | D:6      | Noticed Grinder
  5399 | D:5      | Found a burning altar of Makhleb.
  5595 | D:5      | Killed Grinder
  5595 | D:5      | Reached skill level 6 in Long Blades
  5986 | D:6      | Reached skill level 7 in Long Blades
  6018 | D:6      | Found an opulent altar of Gozag.
  6111 | D:6      | Reached XP level 8. HP: 56/61 MP: 10/10
  6225 | D:6      | Reached skill level 8 in Long Blades
  6561 | D:6      | Found a blossoming altar of Fedhas.
  6564 | D:6      | Found an iron altar of Okawaru.
  6567 | D:6      | Found a radiant altar of Vehumet.
  6570 | D:6      | Found a deep blue altar of Sif Muna.
  6677 | D:7      | Reached skill level 9 in Long Blades
  6948 | D:7      | Found a sacrificial altar of Ru.
  6967 | D:7      | Reached XP level 9. HP: 66/66 MP: 11/11
  6987 | D:7      | Found a stormy altar of Qazlal.
  7048 | D:7      | Noticed a purple ugly thing
  7123 | D:7      | Banished a purple ugly thing
  7123 | D:7      | Reached skill level 10 in Long Blades
  7397 | D:7      | Noticed Duvessa
  7426 | D:7      | Noticed Dowan
  7432 | D:7      | Killed Duvessa
  7438 | D:7      | Killed Dowan
  7472 | D:7      | Found a deep blue altar of Sif Muna.
  7563 | D:7      | Got a spiked ring mail
  7600 | D:7      | Noticed a hill giant
  7616 | D:7      | Identified the cursed +1 ring mail of Submission {Int+4 SInv} (You found it on level 7 of the Dungeon)
  7660 | D:7      | Killed a hill giant
  7660 | D:7      | Reached skill level 11 in Long Blades
  7851 | D:7      | Found a shattered altar of Ashenzari.
  8740 | D:7      | Reached skill level 12 in Long Blades
  9073 | D:8      | Reached **** piety under Lugonu
  9111 | D:8      | Reached XP level 10. HP: 56/73 MP: 12/12
  9316 | D:8      | Found a staircase to the Lair.
  9833 | D:8      | Found a basalt altar of Yredelemnul.
 10156 | D:8      | Reached skill level 13 in Long Blades
 10726 | D:9      | Got a sparkling silver ring
 10752 | D:9      | Identified the ring of Lowihif {rPois rN+} (You found it on level 9 of the Dungeon)
 11277 | D:9      | Reached skill level 1 in Shields
 11347 | D:9      | Reached XP level 11. HP: 63/78 MP: 14/14
 11544 | D:9      | Reached skill level 5 in Shields
 11629 | D:9      | Reached skill level 5 in Invocations
 11974 | D:9      | Reached ***** piety under Lugonu
 12386 | D:10     | Entered Level 10 of the Dungeon
 12386 | D:10     | Noticed an unseen horror
 12388 | D:10     | Noticed Psyche
 12782 | D:10     | Killed an unseen horror
 12898 | D:10     | Killed Psyche
 13048 | D:10     | Noticed Erica
 13074 | D:10     | Killed Erica
 13076 | D:10     | Noticed a hill giant
 13087 | D:10     | Killed a hill giant
 13700 | D:10     | Reached skill level 10 in Shields
 13707 | D:10     | Reached XP level 12. HP: 46/84 MP: 17/17
 14265 | D:10     | Found a shadowy altar of Dithmenos.
 14728 | D:10     | Reached ****** piety under Lugonu
 14780 | D:10     | Reached skill level 5 in Armour
 14880 | D:11     | Noticed an unseen horror
 15155 | D:11     | Killed an unseen horror
 15556 | D:11     | Found a staircase to the Orcish Mines.
 15917 | Lair:1   | Entered Level 1 of the Lair of Beasts
 16486 | Lair:1   | Reached XP level 13. HP: 85/89 MP: 18/18
 17096 | Lair:2   | Noticed a six-headed hydra
 17099 | Lair:2   | Banished a six-headed hydra
 17099 | Lair:2   | Reached skill level 14 in Shields
 17740 | Lair:3   | Found a staircase to the Snake Pit.
 17910 | Lair:3   | Reached skill level 15 in Shields
 18755 | Lair:4   | Found a staircase to the Shoals.
 18789 | Lair:4   | Reached skill level 5 in Fighting
 20753 | Lair:6   | Learned a level 2 spell: Repel Missiles
 20874 | Lair:6   | Reached XP level 14. HP: 92/100 MP: 19/19
 21615 | Lair:6   | Reached skill level 15 in Long Blades
 22578 | Lair:7   | Found a viscous altar of Jiyva.
 22578 | Lair:7   | Found a staircase to the Slime Pits.
 23081 | Lair:8   | Entered Level 8 of the Lair of Beasts
 23356 | Lair:8   | Reached skill level 16 in Long Blades
 24366 | Lair:8   | Reached XP level 15. HP: 93/113 MP: 20/20
 24690 | Lair:8   | Reached skill level 17 in Long Blades
 25133 | Lair:8   | Reached skill level 10 in Fighting
 26072 | D:11     | Noticed Maud
 26074 | D:11     | Banished Maud
 26380 | Orc:1    | Entered Level 1 of the Orcish Mines
 27479 | Orc:1    | Found Wowk's Assorted Antiques.
 27791 | Orc:1    | Bought an encrusted gold wand for 92 gold pieces
 28014 | Orc:2    | Entered Level 2 of the Orcish Mines
 28014 | Orc:2    | Noticed Josephine
 28015 | Orc:2    | Corrupted Orc:2
 28022 | Orc:2    | Killed Josephine
 28043 | Orc:2    | Found a staircase to the Elven Halls.
 28059 | Orc:2    | Noticed Azrael
 28060 | Orc:2    | Killed Azrael
 28503 | Orc:2    | Found Gosevix's Magic Scroll Shoppe.
 28503 | Orc:2    | Found Byxzusof's Distillery.
 28593 | Orc:2    | Reached skill level 5 in Dodging
 28884 | Orc:2    | Found Jezaluog's Magic Scroll Shoppe.
 28884 | Orc:2    | Found Ciulic's Antique Armour Boutique.
 28939 | Orc:2    | Found a roughly hewn altar of Beogh.
 29154 | Orc:2    | Found a roughly hewn altar of Beogh.
 29241 | Orc:2    | Reached skill level 10 in Armour
 29241 | Orc:2    | Reached XP level 16. HP: 41/122 MP: 21/21
 30196 | Orc:1    | Found Zaut's Magic Scroll Shoppe.
 30720 | Orc:1    | Found Susei's General Store.
 31000 | Orc:1    | Bought a scroll of magic mapping for 38 gold pieces
 31000 | Orc:1    | Bought a scroll of identify for 22 gold pieces
 31000 | Orc:1    | Bought a scroll of enchant armour for 82 gold pieces
 31000 | Orc:1    | Bought a scroll of enchant weapon for 82 gold pieces
 31000 | Orc:1    | Bought a scroll of magic mapping for 38 gold pieces
 31000 | Orc:1    | Bought 2 scrolls of identify for 44 gold pieces
 31047 | Orc:1    | Bought a scroll of magic mapping for 42 gold pieces
 31095 | Orc:1    | Bought a scroll of recharging for 218 gold pieces
 31095 | Orc:1    | Bought a potion of curing for 69 gold pieces
 31146 | Orc:2    | Bought a potion of might for 48 gold pieces
 31146 | Orc:2    | Bought a potion of might for 48 gold pieces
 31146 | Orc:2    | Bought a potion of resistance for 120 gold pieces
 31146 | Orc:2    | Bought 2 potions of agility for 96 gold pieces
 31159 | Orc:2    | Bought a scroll of identify for 32 gold pieces
 31159 | Orc:2    | Bought a scroll of identify for 32 gold pieces
 31159 | Orc:2    | Bought a scroll of identify for 32 gold pieces
 31159 | Orc:2    | Bought a scroll of magic mapping for 56 gold pieces
 31227 | Orc:2    | Bought a scroll of recharging for 133 gold pieces
 31569 | D:12     | Found Foset's Antique Armour Shoppe.
 31701 | D:12     | Noticed Rupert
 31717 | D:12     | Killed Rupert
 31927 | D:12     | Noticed Harold
 31954 | D:12     | Killed Harold
 33265 | D:13     | Found a gate to the Vaults.
 34447 | D:15     | Entered Level 15 of the Dungeon
 34538 | D:15     | Found a labyrinth entrance.
 34558 | Lab      | Entered a labyrinth
 37736 | D:15     | Noticed Kirke
 37746 | D:15     | Noticed a sphinx
 37766 | D:15     | Killed Kirke
 37834 | D:15     | Found a staircase to the Depths.
 37979 | D:14     | Reached skill level 10 in Dodging
 38679 | D:15     | Reached XP level 17. HP: 128/128 MP: 22/22
 38913 | D:15     | Found a glowing golden altar of the Shining One.
 39570 | Elf:1    | Entered Level 1 of the Elven Halls
 40410 | Elf:1    | Noticed Louise
 40414 | Elf:1    | Banished Louise
 41079 | Elf:1    | Noticed Roxanne
 41489 | Orc:2    | Reached skill level 18 in Long Blades
 42202 | Elf:1    | Killed Roxanne
 42205 | Elf:1    | Identified Roxanne's Compendium of Unstable Earth (You took it off Roxanne on level 1 of the Elven Halls)
 42913 | Elf:1    | Noticed Frances
 42932 | Elf:1    | Killed Frances
 43688 | Depths:1 | Entered Level 1 of the Depths
 44090 | Shoals:1 | Entered Level 1 of the Shoals
 45138 | Shoals:1 | Corrupted Shoals:1
 45138 | Shoals:1 | Noticed a bone dragon
 45138 | Shoals:1 | Noticed a tentacled starspawn
 45138 | Shoals:1 | Noticed a bone dragon
 45138 | Shoals:1 | Noticed a bone dragon
 45881 | Snake:1  | Entered Level 1 of the Snake Pit
 46829 | Snake:1  | Noticed Aizul
 46863 | Snake:1  | Killed Aizul
 46875 | Snake:1  | Reached XP level 18. HP: 44/140 MP: 23/23
 54890 | Snake:4  | Entered Level 4 of the Snake Pit
 56228 | Elf:1    | Reached XP level 19. HP: 114/150 MP: 24/24
 57035 | Elf:2    | Gained mutation: You are frail (-10% HP). [a neqoxec]
 57421 | Elf:2    | Found a runed gate.
 57421 | Elf:2    | Found a runed gate.
 57422 | Elf:2    | Found a runed gate.
 62950 | Elf:1    | Got a heavily runed leather armour
 62954 | Elf:1    | Identified the +1 leather armour of Vlad {rN+ Regen+} (You took it off a deep elf demonologist on level 1 of the Elven Halls)
 63526 | Elf:1    | Reached skill level 15 in Armour
 63735 | Elf:3    | Entered Level 3 of the Elven Halls
 64828 | Elf:3    | Noticed Nikola
 66158 | Shoals:2 | Reached XP level 20. HP: 125/144 MP: 25/25
 67167 | D:15     | Reached skill level 15 in Fighting
 68840 | Depths:1 | Found a gateway to Hell.
 69245 | Depths:1 | Killed from afar by an ice dragon

Vault maps used:
D:1:      eino_arrival_cavern_a
D:2:      kennysheep_big_flooded_room, tso_oasis_becter, first_bread,
          grunt_ministairs_5
D:4:      minmay_temple_entry_enclosed_plants
D:5:      lemuel_upstairs_altar
D:6:      grunt_temple_overflow_cloverleaf, basic_altar, uniq_grinder
D:7:      nicolae_overflow_hidden_temple, grunt_qazlal_clouds, basic_altar,
          grunt_ogre_cave, ashenzari_altar_1, uniq_duvessa
D:8:      kennysheep_mini_moat, dpeg_oklobed_lair
D:10:     forest_paths, grunt_dithmenos_shadows, uniq_psyche, uniq_erica
D:11:     hiddenorc2_lemuel, uniq_maud
D:12:     serial_shops, shop, uniq_harold, uniq_rupert
D:13:     david_vaults_5, hangedman_glass_teeth
D:14:     minivault_25
D:15:     gammafunk_depths_entry_grave, lab_entry_generic, old_standard_altar,
          uniq_kirke
Lair:2:   bh_autumn_forest_stairs, grunt_megastairs_5
Lair:3:   minmay_snake_entry_spellcaster, serial_bayou_shore_b
Lair:4:   minmay_shoals_entry_beasts, infiniplex_staircase_pool
Lair:5:   minivault_26, serial_bayou_pond_d
Lair:7:   slime_altar_1, serial_bayou_crossing
Lair:8:   minmay_lair_end_enchanted_forest
Shoals:1: cheibrodos_shoals_roost, yaktaur_hedge
Shoals:2: st_sunken_huts
Snake:1:  uniq_aizul
Snake:3:  hangedman_snake_corridor_cut
Snake:4:  snake_pit, grunt_ministairs_14, spider_trap, lemuel_fruit_tree
Orc:1:    serial_shops, nicolae_shop_behind_doors, shop, shop,
          elves_outpost_lemuel
Orc:2:    st_orc_town, portal_ice_cave_entry_animals_and_master,
          kennysheep_orc_chapel, uniq_azrael, uniq_josephine
Elf:1:    minmay_elf_arrival_circle, orc_legates, uniq_louise, uniq_frances,
          uniq_roxanne
Elf:2:    spider_trap, basic_stair_grate_trap
Elf:3:    minmay_elf_hall_four_x, uniq_nikola, uniq_jorgrun, uniq_norris,
          uniq_saint_roka
Depths:1: minmay_stepped, nicolae_benzene_ring, grunt_pan_entry_zigzag,
          hell_entry, nicolae_for_you_no_charge
Depths:2: cheibrodos_poisonous_passages, enter_ziggurat_a, hell_entry,
          minmay_staircase_bubble
Lab:      labyrinth_watery, nicolae_lab_statue, nicolae_lab_big_swirl,
          labyrinth_skeletal_remains

Action                   |  1- 3 |  4- 6 |  7- 9 | 10-12 | 13-15 | 16-18 | 19-21 || total
-------------------------+-------+-------+-------+-------+-------+-------+-------++-------
Melee: Falchion          |   115 |   107 |       |       |       |       |       ||   222
       Long sword        |       |    91 |   396 |   566 |       |       |       ||  1053
       Short sword       |       |       |    17 |       |       |       |       ||    17
       Scimitar          |       |       |       |   586 |  2251 |  2601 |  1117 ||  6555
 Fire: Blowgun           |       |       |       |       |     2 |       |       ||     2
Throw: Tomahawk          |     6 |    22 |    16 |     3 |     5 |     3 |       ||    55
Invok: Depart the Abyss  |     1 |       |       |       |       |       |       ||     1
       Banish            |       |       |     1 |       |     3 |    13 |       ||    17
       Corrupt           |       |       |       |       |     1 |     1 |       ||     2
 Abil: Dig               |       |     2 |       |     1 |    14 |    19 |     1 ||    37
Evoke: Wand              |       |       |       |       |    22 |    23 |    28 ||    73
       Phantom mirror    |       |       |       |       |       |     2 |       ||     2
       Phial of floods   |       |       |       |       |       |     1 |     2 ||     3
  Use: Scroll            |     7 |     7 |     5 |     8 |    12 |    16 |     8 ||    63
       Potion            |       |    10 |     4 |     1 |     1 |    11 |       ||    27
 Stab: Sleeping          |     1 |       |       |       |       |       |       ||     1
       Invisible         |       |     2 |       |       |       |     3 |       ||     5
       Confused          |       |       |       |       |     4 |       |       ||     4
       Paralysed         |       |       |       |       |     1 |       |       ||     1
  Eat: Chunk             |     1 |     7 |    11 |    22 |    60 |    76 |    50 ||   227
       Beef jerky        |       |     1 |       |       |       |     5 |       ||     6
       Pizza             |       |       |     1 |     3 |     1 |     3 |       ||     8
       Royal jelly       |       |       |     1 |       |       |     1 |       ||     2
       Bread ration      |       |       |     1 |       |       |       |       ||     1
       Fruit             |       |       |     4 |       |       |       |       ||     4
